 Dungeon Crawl Stone Soup version 0.27-a0-1147-gb3d8e82157 (webtiles) character file.

Game seed: 1035159779252598153

3768 lunkers the Thaumaturge (level 10, -9/76 HPs)
             Began as a Djinni Earth Elementalist on May 11, 2021.
             Was a Follower of Makhleb.
             Mangled by a seven-headed hydra (13 damage)
             ... on level 8 of the Dungeon.
             The game lasted 00:11:53 (9290 turns).

lunkers the Thaumaturge (Djinni Earth Elementalist) Turns: 9290, Time: 00:11:54

Health: -9/76      AC: 10    Str:  7    XL:     10   Next: 16%
Gold:   552        EV: 12    Int: 20    God:    Makhleb [*.....] SH:  5 Dex: 14

rFire    + + .     SeeInvis .   A - +3 short sword
rCold    x . .     Faith    .   x - +0 buckler
rNeg     . . .     Spirit   .   D - +0 steam dragon scales
rPois    ∞         Reflect  .   B - +0 helmet
rElec    .         Harm     .   (no cloak)
rCorr    .         Rampage  .   (no gloves)
Will     +....                  (boots unavailable)
Stlth    ++........             (no amulet)
HPRegen  0.22/turn              I - ring of wizardry
MPRegen  0.00/turn              F - +4 ring of protection

@: flying
A: sickness immunity, fire resistance 2, cold vulnerability 1, float, innate
caster, hp casting, extra vitality 1
a: Renounce Religion


You were on level 8 of the Dungeon.
You worshipped Makhleb.
Makhleb was aware of your devotion.
You visited 2 branches of the dungeon, and saw 9 of its levels.

You collected 552 gold pieces.

Inventory:

Hand Weapons
 y - a +1 mace of holy wrath
 A - a +3 short sword (weapon)
Missiles
 b - 295 stones
Armour
 c - a +0 robe
 x - a +0 buckler (worn)
 B - a +0 helmet (worn)
 D - +0 steam dragon scales (worn)
Jewellery
 k - a +6 ring of strength
 o - a ring of fire
 v - a ring of magical power
 F - a +4 ring of protection (right hand)
 G - a +6 ring of dexterity
 I - a ring of wizardry (left hand)
Wands
 t - a wand of polymorph (4)
 H - a wand of mindburst (14)
Scrolls
 d - a scroll of magic mapping {unknown}
 e - a scroll of vulnerability {unknown}
 f - 2 scrolls of silence {unknown}
 h - 2 scrolls of enchant armour {unknown}
 i - 2 scrolls of enchant weapon {unknown}
 n - a scroll of immolation {unknown}
 q - a scroll of torment {unknown}
 r - a scroll of amnesia {unknown}
 s - a scroll of summoning {unknown}
 w - 2 scrolls of fog {unknown}
 C - a scroll of teleportation {unknown}
Potions
 a - 8 potions of curing
 g - 2 potions of brilliance
 m - 4 potions of haste
 p - 2 potions of lignification
 u - a potion of invisibility
 z - a potion of mutation
 E - a potion of attraction


   Skills:
 + Level 7.9 Fighting
 - Level 2.1 Dodging
 - Level 1.5 Stealth
 + Level 3.3 Shields
 * Level 9.9 Spellcasting


You had 4 spell levels left.
You knew the following spells:

 Your Spells              Type           Power      Damage    Failure   Level
a - Stone Arrow           Conj/Erth      98%        3d13      1%          3
b - Passwall              Tmut/Erth      40%        N/A       1%          2
c - Sandblast             Erth           98%        2d20      1%          1
d - Petrify               Tmut/Erth      49%        N/A       1%          4
e - Lee's Rapid Deconstr  Erth           24%        3d14*     1%          5
f - Apportation           Tloc           98%        N/A       1%          1
g - Slow                  Hex            49%        N/A       1%          2
h - Vampiric Draining     Necr           24%        2d9       1%          3
i - Teleport Other        Tloc           49%        N/A       1%          3
Your spell library was empty.

Dungeon Overview and Level Annotations

Branches:
Dungeon (8/15)             Temple (1/1) D:4
   Lair: D:8-11

Altars:
Ashenzari
Cheibriados
Elyvilon
Fedhas
Gozag
Hepliaklqana
Kikubaaqudgha
Makhleb
Nemelex Xobeh
Okawaru
Qazlal
Ru
Sif Muna
Trog
Uskayaw
Wu Jian
Xom
Yredelemnul
Zin


Innate Abilities, Weirdness & Mutations

You are immune to sickness and miasma.
You are immune to poison.
Your flesh is very heat resistant. (rF++)
You are vulnerable to cold. (rC-)
You float through the air rather than walking.
You learn spells naturally, not from books.
Your magical power is your life essence.
You have superior vitality. (+4 HP)


Message History

The seven-headed hydra bites you. The seven-headed hydra bites you! x2
The seven-headed hydra bites you but does no damage.
The seven-headed hydra closely misses you.
Casting: Stone Arrow (safe; 1% risk of failure)
Confirm with . or Enter, or press ? or * to list all spells.
The stone arrow hits the seven-headed hydra!!
The seven-headed hydra is moderately wounded.
* * * LOW HITPOINT WARNING * * *
The seven-headed hydra bites you but does no damage.
The seven-headed hydra misses you. The seven-headed hydra bites you.
* * * LOW HITPOINT WARNING * * *
The seven-headed hydra bites you!
* * * LOW HITPOINT WARNING * * *
The seven-headed hydra bites you!
* * * LOW HITPOINT WARNING * * *
The seven-headed hydra bites you.
* * * LOW HITPOINT WARNING * * *
The seven-headed hydra bites you.
* * * LOW HITPOINT WARNING * * *
Casting: Stone Arrow (safe; 1% risk of failure)
Confirm with . or Enter, or press ? or * to list all spells.
Okay, then.
Casting: Stone Arrow (safe; 1% risk of failure)
Confirm with . or Enter, or press ? or * to list all spells.
Okay, then.
Casting: Stone Arrow (safe; 1% risk of failure)
Confirm with . or Enter, or press ? or * to list all spells.
Okay, then.
Casting: Stone Arrow (safe; 1% risk of failure)
Confirm with . or Enter, or press ? or * to list all spells.
Aiming: Petrify (mildly dangerous; 1% risk of failure)
Press: ? - help, Shift-Dir - straight line, f/p - seven-headed hydra
Aim: a seven-headed hydra (lightly wounded, chance to affect: 37%)
The seven-headed hydra is moving more slowly.
* * * LOW HITPOINT WARNING * * *
The seven-headed hydra bites you!
* * * LOW HITPOINT WARNING * * *
You block the seven-headed hydra's attack.
The seven-headed hydra bites you!
You die...

### #######.# #.......#
########.#####.#
#.........# #.#
#.##......# #.#
#.##.###.D# #.#
#(##...##@####....#
#............>..?.+
#######..##.....#.......#
#.....#..#...#..#.......+
#.###.#..#.....##..#....#
#.#...#..#.#....#..#....#
##.#.###..#.#.#..<..#.####
#.........#.#.#.##..#
####.####.#.#.#.. ..#


You could see a seven-headed hydra (petrifying).

Vanquished Creatures
  A two-headed ogre (D:5)
  2 humans (D:7)
  2 steam dragons (D:6)
  Menkaure (D:6)
  2 water moccasins (D:7)
  2 sky beasts
  4 ice beasts
  An ogre (D:6)
  2 centaurs
  A kobold brigand (D:4)
  2 scorpions
  Blork the orc (D:6)
  A wyvern zombie (D:7)
  3 killer bees (D:7)
  5 wights (D:5)
  A bullfrog zombie (D:5)
  2 centaur zombies
  5 hounds
  5 orc priests
  2 bullfrog skeletons
  A centaur skeleton (D:7)
  A jelly (D:6)
  2 orc wizards
  4 iguanas
  10 adders
  A white imp (D:7)
  An ufetubus (D:6)
  3 worms
  2 dart slugs
  21 orcs
  11 ball pythons
  12 endoplasms
  2 giant cockroaches
  5 goblins
  7 hobgoblins
  5 jackals
  2 quokkas
  5 bats
  5 frilled lizards
  3 kobolds
  8 rats
156 creatures vanquished.

Vanquished Creatures (others)
  A wizard (D:5)
1 creature vanquished.

Grand Total: 157 creatures vanquished

Notes
Turn   | Place    | Note
-------+----------+-------------------------------------------
     0 | D:1      | lunkers the Djinni Earth Elementalist began the quest for
                  | the Orb.
     0 | D:1      | Reached XP level 1. HP: 15/15 MP: 0/0
   268 | D:1      | Reached skill level 3 in Spellcasting
   268 | D:1      | Reached XP level 2. HP: 19/22 MP: 0/0
   430 | D:1      | Reached skill level 1 in Fighting
   620 | D:1      | Reached XP level 3. HP: 23/27 MP: 0/0
   620 | D:1      | Learned a level 1 spell: Apportation
  1266 | D:2      | Found a faded altar of an unknown god.
  1457 | D:2      | Reached XP level 4. HP: 28/33 MP: 0/0
  2264 | D:3      | Reached skill level 4 in Spellcasting
  3318 | D:4      | Reached XP level 5. HP: 37/39 MP: 0/0
  3318 | D:4      | Learned a level 2 spell: Slow
  3721 | D:4      | Found a staircase to the Ecumenical Temple.
  3731 | Temple   | Entered the Ecumenical Temple
  3737 | Temple   | Became a worshipper of Makhleb the Destroyer
  3946 | D:4      | Noticed a kobold brigand
  3950 | D:4      | Killed a kobold brigand
  3951 | D:4      | Reached skill level 5 in Spellcasting
  3951 | D:4      | Reached XP level 6. HP: 40/46 MP: 0/0
  4220 | D:4      | Found a blossoming altar of Fedhas.
  4520 | D:5      | Entered Level 5 of the Dungeon
  4521 | D:5      | Noticed a sky beast
  4531 | D:5      | Killed a sky beast
  4932 | D:5      | Noticed an ice beast
  4935 | D:5      | Killed an ice beast
  4936 | D:5      | Reached XP level 7. HP: 45/51 MP: 0/0
  4936 | D:5      | Learned a level 3 spell: Vampiric Draining
  5065 | D:5      | Reached skill level 6 in Spellcasting
  5066 | D:5      | Noticed a two-headed ogre
  5734 | D:5      | Reached XP level 8. HP: 51/58 MP: 0/0
  5739 | D:5      | Reached skill level 5 in Fighting
  5917 | D:5      | Killed a two-headed ogre
  5918 | D:5      | Reached skill level 8 in Spellcasting
  6088 | D:5      | Found a bloodstained altar of Trog.
  6091 | D:5      | Noticed a wizard
  6096 | D:5      | Killed a wizard
  6230 | D:6      | Noticed Blork the orc
  6232 | D:6      | Killed Blork the orc
  6233 | D:6      | Reached XP level 9. HP: 60/66 MP: 0/0
  6233 | D:6      | Learned a level 3 spell: Teleport Other
  6479 | D:6      | Noticed Menkaure
  6483 | D:6      | Killed Menkaure
  6963 | D:6      | Reached skill level 9 in Spellcasting
  7392 | D:6      | Reached skill level 1 in Shields
  7668 | D:7      | Reached * piety under Makhleb
  7917 | D:7      | Found an iron altar of Okawaru.
  8094 | D:7      | Reached XP level 10. HP: 39/75 MP: 0/0
  9275 | D:8      | Noticed a seven-headed hydra
  9290 | D:8      | Mangled by a seven-headed hydra

Illustrated notes

Levels and vault maps discovered:
D:1:      minmay_arrival_hallway, layout_loops_cross, minmay_cupped
D:2:      layout_basic, chequers_ecumenical_altar_simple_redux,
          dk_noncrumbling_4, kennysheep_generic_room_16
D:3:      minmay_spotlight, layout_basic
D:4:      layout_loops_ring, fedhas_altar_2, minmay_temple_entry_waves
D:5:      layout_rooms, trog_wizard, chequers_garden
D:6:      layout_loops_corners, uniq_menkaure, uniq_blork_the_orc
D:7:      layout_rooms, okawaru_humans, kennysheep_generic_room_3
D:8:      layout_basic, grunt_temple_overflow_open, hellmonk_bongcloud_opening
Temple:   nicolae_temple_x_marks_the_god

Skill      XL: |  1  2  3  4  5  6  7  8  9 10 |
---------------+-------------------------------+-----
Spellcasting   | 3 4 5 6 8 9 |  9.9
Fighting       | 1 2 3 4 6 7 |  7.9
Shields        | 2 3 |  3.3
Dodging        | |  2.1
Stealth        | |  1.5

Action                   |  1- 3 |  4- 6 |  7- 9 | 10-12 || total
-------------------------+-------+-------+-------+-------++-------
 Cast: Sandblast         |    60 |    33 |     5 |       ||    98
       Stone Arrow       |       |    48 |    73 |    31 ||   152
       Petrify           |       |       |       |     1 ||     1
  Use: Scroll            |       |       |       |     9 ||     9
Armor: Robe              |     3 |     2 |     1 |       ||     6
       Steam dragon scal |       |       |     1 |     2 ||     3
Dodge: Dodged            |     5 |    17 |    24 |     7 ||    53
Block: Buckler           |       |       |       |     3 ||     3

Table legend: (Time is in decaauts)
 A = Elapsed time spent in this place.
 B = Non-inter-level travel time spent in this place.
 C = Inter-level travel time spent in this place.
 D = Time resting spent in this place.
 E = Time spent auto-exploring this place.
 F = Levels seen in this place.
 G = Mean time per level.
                   A        B        C        D        E       F      G
               +--------+--------+--------+--------+--------+-----+--------+
         Total |   9287 |   8947 |    340 |    811 |   7292 |   9 | 1031.9 |
       Dungeon |   9227 |   8895 |    332 |    811 |   7242 |   8 | 1153.4 |
        Temple |     60 |     52 |      8 |      0 |     50 |   1 |   60.0 |
               +--------+--------+--------+--------+--------+-----+--------+

Top non-repeatable levels by time:
     D:4: 1597 daAuts
     D:6: 1396 daAuts
     D:5: 1265 daAuts
     D:7: 1238 daAuts
     D:2: 1159 daAuts
     D:1: 1102 daAuts
     D:3: 1033 daAuts
     D:8: 434 daAuts
  Temple: 60 daAuts
